 Dungeon Crawl Stone Soup version 0.26.1-10-gdfb7c7de75 (webtiles) character file.

Game seed: 11973169111188221797

4190 phalm the Blocker (level 10, -5/63 HPs)
             Began as a Gargoyle Fighter on Apr 9, 2021.
             Was a Priest of Okawaru.
             Slain by a komodo dragon (23 damage)
             ... on level 7 of the Dungeon.
             The game lasted 00:17:46 (8864 turns).

phalm the Blocker (Gargoyle Fighter)                Turns: 8864, Time: 00:17:46

Health: -5/63      AC: 23    Str: 29    XL:     10   Next: 29%
Magic:  21/21      EV:  7    Int:  9    God:    Okawaru [***...]
Gold:   283        SH:  6    Dex:  9    Spells: 9/9 levels left

rFire    . . .     SeeInvis .   B - +4 mace (freeze)
rCold    . . .     Faith    .   g - +0 buckler
rNeg     + . .     Spirit   .   i - +0 plate armour
rPois    ∞         Reflect  .   m - +2 hat
rElec    +         Harm     .   (no cloak)
rCorr    .         Rampage  .   e - +0 pair of gloves
Will     .....                  (no boots)
Stlth    ..........             (no amulet)
HPRegen  0.20/turn              A - +6 ring of strength
MPRegen  0.17/turn              o - ring of magical power

@: no status effects
A: negative energy resistance 1, electricity resistance, unbreathing,
petrification resistance, miasma immunity, AC +7
a: Renounce Religion, Heroism


You were on level 7 of the Dungeon.
You worshipped Okawaru.
Okawaru was most pleased with you.
You visited 2 branches of the dungeon, and saw 9 of its levels.
You also visited: Sewer.

You collected 403 gold pieces.
You spent 120 gold pieces at shops.

Inventory:

Hand Weapons
 B - a +4 mace of freezing (weapon)
Armour
 c - a +0 kite shield
 e - a +0 pair of gloves (worn)
 g - a +0 buckler (worn)
 i - a +0 plate armour (worn)
 m - a +2 hat (worn)
Jewellery
 h - an uncursed ring of flight
 o - a ring of magical power (right hand)
 A - a +6 ring of strength (left hand)
Wands
 a - a wand of polymorph (10)
 v - a wand of digging (6)
 z - a wand of random effects (40)
Scrolls
 b - a scroll of blinking
 j - 3 scrolls of amnesia
 k - 3 scrolls of teleportation
 r - 5 scrolls of remove curse
 t - 3 scrolls of fog {unknown}
 x - a scroll of magic mapping
 y - a scroll of random uselessness {unknown}
Potions
 d - a potion of might
 f - 8 potions of curing
 l - a potion of cancellation {unknown}
 n - a potion of lignification
 p - a potion of heal wounds
 q - 3 potions of flight
 s - a potion of resistance {unknown}
 u - a potion of haste {unknown}
 w - a potion of magic {unknown}
 C - a potion of mutation {unknown}


   Skills:
 + Level 7.1 Fighting
 * Level 8.5 Maces & Flails
 + Level 7.1 Armour
 * Level 9.6 Shields
 + Level 3.5 Invocations


You had 9 spell levels left.
You didn't know any spells.
Your spell library was empty.

Dungeon Overview and Level Annotations

Branches:
Dungeon (8/15)             Temple (1/1) D:6           Sewer (visited)
   Lair: D:8-11

Altars:
Dithmenos
Elyvilon
Fedhas
Gozag
Kikubaaqudgha
Makhleb
Nemelex Xobeh
Okawaru
Ru
Sif Muna
Trog
Uskayaw
Vehumet
Wu Jian
Zin
The Shining One

Shops:
D:5 ?[*(   D:7 (


Innate Abilities, Weirdness & Mutations

You are resistant to torment.
Your stone body is resilient. (AC +7)
You are immune to poison.
You resist negative energy. (rN+)
You are resistant to electric shocks. (rElec)
You can survive without breathing.
You are immune to petrification.
You are immune to miasma.


Message History

You block the yak's attack.
You bludgeon the yak!! You freeze the yak.
The yak is severely wounded.
The yak barely misses you.
You hit the yak. You freeze the yak.
The yak is severely wounded.
The yak gores you but does no damage.
You barely miss the yak.
The yak is severely wounded.
The yak gores you but does no damage.
You sock the yak! You freeze the yak.
You kill the yak!
Okawaru accepts your kill.
Okay, then.
Okay, then.
Aiming: Polymorph
Press: ? - help, Shift-Dir - straight line, f - komodo dragon
Aim: a komodo dragon (moderately wounded, will become a moth of wrath, a river rat, or an acid dragon, chance to affect: 28%)
The komodo dragon easily resists.
The komodo dragon bites you!!
You die...

.# ######### .# ##...#...##
.##### ##.........## .....###
#...........# ### .###...#####
#...........# #..
.#####.....###...........######..
..#.....................##.......
.......................[...####..
.##.............@l...........###.
####.####...#..###..#........# #.
####..#..<.###......#........# #.
..###...#..#######...........###.
.......†.....................#...
......).##########.##............
..#...........#.....#.........#..
###....#.........................
#...................#.##.......


You could see a komodo dragon.

Vanquished Creatures
  An ugly thing (D:6)
  7 yaks
  Eustachio (D:6)
  A water moccasin (D:8)
  A sky beast (D:7)
  2 orc warriors (D:6)
  A black bear (D:8)
  2 necrophages
  A phantom (D:6)
  2 ogres
  A centaur (D:5)
  A big kobold (Sewer)
  2 bullfrogs (D:7)
  2 scorpions
  9 wights
  A centaur zombie (D:5)
  6 hounds
  2 jellies
  4 orc priests (D:6)
  A centaur skeleton (D:5)
  5 orc wizards (D:6)
  An iguana (D:6)
  6 worker ants
  6 gnolls
  8 adders
  2 river rats (Sewer)
  3 shadow imps
  2 oozes
  2 adder skeletons
  A worm (D:2)
  5 leopard geckos
  15 orcs
  7 bats
  10 giant cockroaches
  9 goblins
  8 hobgoblins
  12 jackals
  15 kobolds
  3 quokkas
  2 ball pythons
  A frilled lizard (D:2)
  A leopard gecko skeleton (D:7)
  A quokka skeleton (D:6)
  11 rats
184 creatures vanquished.

Vanquished Creatures (others)
  26 fungi (D:8)
  23 plants (D:8)
49 creatures vanquished.

Grand Total: 233 creatures vanquished

Notes
Turn   | Place    | Note
-------+----------+-------------------------------------------
     0 | D:1      | phalm the Gargoyle Fighter began the quest for the Orb.
     0 | D:1      | Reached XP level 1. HP: 14/14 MP: 1/1
   186 | D:1      | Reached XP level 2. HP: 19/19 MP: 2/2
   521 | D:1      | Reached XP level 3. HP: 22/23 MP: 3/3
  1118 | D:2      | Reached skill level 4 in Shields
  1310 | D:2      | Reached XP level 4. HP: 27/29 MP: 4/4
  2233 | D:3      | Found a glowing drain.
  2247 | Sewer    | Entered a sewer
  2258 | Sewer    | Reached XP level 5. HP: 32/33 MP: 5/5
  2313 | Sewer    | Noticed a big kobold
  2329 | Sewer    | Killed a big kobold
  2500 | Sewer    | Found a white marble altar of Elyvilon.
  3216 | D:4      | Reached skill level 5 in Shields
  3216 | D:4      | Reached XP level 6. HP: 30/38 MP: 6/6
  4636 | D:5      | Entered Level 5 of the Dungeon
  4636 | D:5      | Found Tilanuah's General Store.
  4636 | D:5      | Found Aru Nowa's Antique Weapon Shop.
  4639 | D:5      | Bought a potion of heal wounds for 75 gold pieces
  4706 | D:5      | Reached XP level 7. HP: 31/44 MP: 7/7
  4863 | D:5      | Found Toleupuk's Magic Scroll Emporium.
  5001 | D:5      | Bought a scroll of magic mapping for 45 gold pieces
  5097 | D:5      | Reached skill level 5 in Maces & Flails
  5097 | D:5      | Reached skill level 6 in Shields
  5210 | D:5      | Found Kustink's Armour Boutique.
  5280 | D:5      | Found an ornate altar of the Wu Jian Council.
  5591 | D:6      | Reached skill level 5 in Fighting
  5648 | D:6      | Reached skill level 5 in Armour
  5648 | D:6      | Reached XP level 8. HP: 41/49 MP: 8/8
  5715 | D:6      | Found a staircase to the Ecumenical Temple.
  5727 | Temple   | Entered the Ecumenical Temple
  5812 | Temple   | Became a worshipper of Warmaster Okawaru
  6108 | D:6      | Noticed Eustachio
  6136 | D:6      | Killed Eustachio
  6300 | D:6      | Found a sacrificial altar of Ru.
  6352 | D:6      | Reached skill level 7 in Shields
  6987 | D:6      | Reached * piety under Okawaru
  7439 | D:7      | Noticed a green ugly thing
  7768 | D:6      | Reached XP level 9. HP: 53/55 MP: 9/9
  7890 | D:7      | Reached skill level 8 in Shields
  8002 | D:6      | Killed a green ugly thing
  8003 | D:6      | Reached skill level 1 in Invocations
  8253 | D:7      | Reached ** piety under Okawaru
  8448 | D:7      | Found Vulowaj's Weapon Shop.
  8779 | D:8      | Reached skill level 9 in Shields
  8779 | D:8      | Noticed a komodo dragon
  8784 | D:8      | Reached *** piety under Okawaru
  8787 | D:8      | Reached XP level 10. HP: 36/61 MP: 12/12
  8864 | D:7      | Slain by a komodo dragon

Illustrated notes

Levels and vault maps discovered:
D:1:      onia_arrival_pyramid, layout_basic, grunt_decor_junction
D:2:      layout_basic, minmay_misc_feat_cross, kennysheep_generic_room_14
D:3:      layout_basic, portal_sewer_entry_a
D:4:      layout_basic, kennysheep_donut
D:5:      layout_basic, general_overflow_altar, serial_shops, shop,
          nicolae_shop_stone, nicolae_shop_overgrown_old_shop,
          kennysheep_little_box
D:6:      layout_cave_pods, nicolae_ru_great_annihilating_truth,
          minmay_temple_entry_butterflies, uniq_eustachio
D:7:      layout_rooms, serial_shops, shop, chequers_serial_rivers_micro_e
D:8:      layout_rooms, nzn_hepliaklqana_mist_gate, ashenzari_altar_1,
          due_lair_maze_entry_diamond, biasface_ghost_orc_armoury
Temple:   dpeg_chambers_temple

Skill      XL: |  1  2  3  4  5  6  7  8  9 10 |
---------------+-------------------------------+-----
Shields        | 4 5 6 7 9 |  9.6
Maces & Flails | 3 4 5 6 8 |  8.5
Fighting       | 4 5 6 7 |  7.1
Armour         | 4 5 6 7 |  7.1
Invocations    | 2 3 |  3.5

Action                   |  1- 3 |  4- 6 |  7- 9 | 10-12 || total
-------------------------+-------+-------+-------+-------++-------
Melee: Flail             |   157 |   264 |   486 |       ||   907
       Mace              |       |       |    42 |    39 ||    81
Invok: Heroism           |       |       |     1 |       ||     1
 Abil: Evoke Flight      |       |     1 |       |       ||     1
Evoke: Wand              |       |       |       |     1 ||     1
  Use: Scroll            |       |     6 |     2 |       ||     8
       Potion            |       |       |     5 |     1 ||     6
 Stab: Paralysed         |       |       |     1 |       ||     1
Armor: Scale mail        |   117 |   155 |       |       ||   272
       Plate armour      |       |    41 |   516 |    48 ||   605
       Skin              |       |       |    20 |       ||    20
Dodge: Dodged            |   110 |   148 |   212 |    18 ||   488
Block: Kite shield       |    27 |       |       |       ||    27
       Buckler           |    36 |    52 |   167 |    20 ||   275
